 Dungeon Crawl Stone Soup version 0.28.0-47-ge53b351184 (webtiles) character file.

Game seed: 2764733035828117389

57 issech the Cudgeller (level 3, -2/36 HPs)
             Began as a Troll Monk on May 7, 2022.
             Slain by a gnoll
             ... wielding a +0 halberd
              (9 damage)
             ... on level 2 of the Dungeon.
             The game lasted 00:03:55 (1504 turns).

issech the Cudgeller (Troll Monk)                   Turns: 1504, Time: 00:03:55

Health: -2/36      AC:  4    Str: 19    XL:     3   Next: 73%
Magic:  2/2        EV: 10    Int:  6    God:
Gold:   86         SH:  0    Dex: 14    Spells: 2/2 levels left

rFire   . . .      SeeInvis .   k - +0 short sword (speed)
rCold   . . .      Faith    .   (no shield)
rNeg    . . .      Spirit   .   h - +0 robe {Will+}
rPois   .          Reflect  .   (helmet restricted)
rElec   .          Harm     .   (no cloak)
rCorr   .          Rampage  .   (gloves unavailable)
Will    +....                   (boots unavailable)
Stlth   ++........              (no amulet)
HPRegen 0.92/turn               (no ring)
MPRegen 0.08/turn               (no ring)

@: no status effects
A: large, unfitting armour, claws 3, regeneration 1, shaggy fur 1, tough skin 1
a: no special abilities


You were on level 2 of the Dungeon.
You visited 1 branch of the dungeon, and saw 3 of its levels.

You collected 86 gold pieces.

Inventory:

Hand Weapons
 a - a +0 mace
 k - a +0 short sword of speed (weapon)
Missiles
 d - 20 bolts
 j - 68 stones (quivered)
 m - 2 atropa-tipped darts
 n - 6 datura-tipped darts
Armour
 b - a +0 robe
 h - a +0 robe of willpower (worn)
Scrolls
 c - 2 scrolls of enchant armour {unknown}
 e - a scroll of teleportation {unknown}
 l - a scroll of enchant weapon {unknown}
 o - a scroll of fear {unknown}
 p - a scroll of identify {unknown}
 r - a scroll of amnesia {unknown}
Potions
 f - 2 potions of resistance {unknown}
 g - a potion of berserk rage {unknown}
 i - a potion of brilliance {unknown}
 q - a potion of flight {unknown}
 s - a potion of mutation {unknown}


   Skills:
 + Level 2.8 Fighting
 + Level 3.5 Maces & Flails
 + Level 2.8 Dodging
 + Level 1.0 Stealth


You had 2 spell levels left.
You didn't know any spells.
Your spell library was empty.

Dungeon Overview and Level Annotations

Branches:
Dungeon (3/15)

Altars:


Innate Abilities, Weirdness & Mutations

You are too large for most types of armour.
You have claws for hands.
Your natural rate of healing is unusually fast.
You are covered in fur. (AC +1)
You have tough skin. (AC +1)


Message History

The ball python hisses angrily.
The ball python bites you but does no damage.
You closely miss the ball python. The ball python bites you.
You hit the ball python.
The ball python is moderately wounded.
The ball python bites you but does no damage.
You closely miss the ball python.
The ball python is moderately wounded.
You hit the ball python.
You kill the ball python!
You see here a ball python corpse.
Done exploring.
There is a stone staircase leading down here.
You aren't carrying any pieces of jewellery.
Okay, then.
You climb downwards.
There is a stone staircase leading up here. 2 gnolls come into view.
Found 9 gold pieces.
The gnoll shouts!
A gnoll comes into view. It is wielding a +0 club.
Found a stone staircase leading up.
The gnoll shouts!
A gnoll comes into view. It is wielding a +0 flail.
You barely miss the gnoll. You barely miss the gnoll.
The gnoll hits you with a +0 club.
The gnoll hits you from afar with a +0 halberd!
There is a stone staircase leading up here.
The gnoll hits you with a +0 halberd.
There is a stone staircase leading up here.
The gnoll hits you with a +0 halberd!
You climb upwards.
There is a stone staircase leading down here.
You closely miss the gnoll. The gnoll misses you.
You closely miss the gnoll. The gnoll hits you with a +0 halberd!
* * * LOW HITPOINT WARNING * * *
You hit the gnoll.
The gnoll is moderately wounded.
The gnoll hits you with a +0 halberd!
You die...

#.....#§...≈≈
#.....#§§..≈.
#.....#≈..8..
###.....#≈...≈.
#.####..#≈§..≈§
#######.####..#≈§....
#.....#.......#§§≈...
#.....#.#######≈≈§≈.§
#...@.#.#.....#≈≈≈≈§§
#..g..#.......#######
#.....#..#......#.#.#
#.....#..............
#....†##.#.#.........
#####.##.#.####......
#.##.#....+......
#.##.######......
##.##.######.....>


You could see a gnoll.

Vanquished Creatures
  2 adders (D:2)
  A worm (D:2)
  A dart slug (D:1)
  7 bats
  An endoplasm (D:1)
  A giant cockroach (D:2)
  7 goblins
  A hobgoblin (D:1)
  3 jackals (D:1)
  3 quokkas (D:1)
  A ball python (D:2)
  A frilled lizard (D:2)
  3 kobolds (D:2)
  A rat (D:1)
33 creatures vanquished.

Notes
Turn   | Place    | Note
-------+----------+-------------------------------------------
     0 | D:1      | issech the Troll Monk began the quest for the Orb.
     0 | D:1      | Reached XP level 1. HP: 22/22 MP: 0/0
   140 | D:1      | Reached XP level 2. HP: 29/29 MP: 1/1
   335 | D:1      | Reached skill level 3 in Maces & Flails
   786 | D:2      | Reached XP level 3. HP: 36/36 MP: 2/2
  1504 | D:2      | Slain by a gnoll

Illustrated notes

Levels and vault maps discovered:
D:1:      psy_arrival_statuary, layout_loops_ring
D:2:      layout_basic, kennysheep_generic_room_2
D:3:      minmay_diamond_boxcup, layout_loops_ring,
          gammafunk_temple_overflow_forgotten, ebering_ghost_gozag,
          dilly_ecumenical_altar_fadedgnrine

Skill      XL: |  1  2 |
---------------+-------+-----
Maces & Flails | 3 |  3.5
Fighting       | |  2.8
Dodging        | |  2.8
Stealth        | |  1.0

Action                   || total
-------------------------++-------
Melee: Mace              ||    53
       Short sword       ||    76
Throw: Stone             ||     2
 Stab: Sleeping          ||     2
Armor: Robe              ||    57
Dodge: Dodged            ||    73
